 Dungeon Crawl Stone Soup version 0.21.1-1-g345015f (webtiles) character file.

1352665 zaxin the Gargoyle Barricade (level 27, -4/139 HPs)
             Began as a Gargoyle Fighter on June 6, 2018.
             Was the Champion of the Shining One.
             Killed from afar by a Hell Sentinel (48 damage)
             ... with damnation
             ... on level 7 of the Iron City of Dis on June 9, 2018.
             The game lasted 11:24:36 (135993 turns).

zaxin the Gargoyle Barricade (Gargoyle Fighter)   Turns: 135993, Time: 11:24:37

Health: -4/139     AC: 68    Str: 26      XL:     27
Magic:  32/32      EV: 18    Int:  5 (10) God:    the Shining One [******]
Gold:   7241       SH: 19    Dex: 11 (12) Spells: 21/26 levels left

rFire    + + +     SeeInvis +   E - +9 sacred scourge (holy)
rCold    + + +     Gourm    .   u - +0 shield {reflect}
rNeg     + + +     Faith    .   c - +12 gold dragon scales
rPois    ∞         Spirit   .   Q - +0 mask of the Dragon {MR+ Slay+3 SInv}
rElec    +         Reflect  +   w - +2 cloak {MR+}
rCorr    .         Harm     .   D - +0 pair of fencer's gloves {+Riposte Dex+3}
MR       +++++                  B - +2 pair of boots {run}
Stlth    ..........             R - amulet "Sageh" {rElec rF+ rN+ Regen+ Str+3}
HPRegen  0.00/turn              Z - ring "Apnoohir" {rF+ MR+ AC+2 Str-3 Int+4}
MPRegen  0.23/turn              r - ring of Weisygis {rC++ Str-3 Int-5 Slay+3 Stlth+}

@: flying, glowing, quick
A: big wings, molten scales 1, blurry vision 2, deformed body, deterioration 2,
frail 3, low mp 2, negative energy resistance 1, screaming 2, electricity
resistance, inhibited regeneration, weak 1, unbreathing, petrification
resistance, rot immunity, subdued magic 1, AC +20
}: 12/15 runes: barnacled, slimy, silver, obsidian, icy, abyssal, demonic,
glowing, magical, fiery, dark, gossamer
a: Stop Flying, Divine Shield, Cleansing Flame, Summon Divine Warrior, Renounce
Religion


You were on level 7 of the Iron City of Dis.
You worshipped the Shining One.
The Shining One was exalted by your worship.
You were very hungry.

You visited 17 branches of the dungeon, and saw 81 of its levels.
You visited Pandemonium 1 time, and saw 13 of its levels.
You visited the Abyss 5 times.
You also visited: Trove.

You collected 37399 gold pieces.
You spent 11202 gold pieces at shops.
You donated 4700 gold pieces to Zin.
You paid 14256 gold pieces to Gozag.

Inventory:

Hand Weapons
 E - a +9 sacred scourge of holy wrath (weapon)
Armour
 c - +12 gold dragon scales (worn)
 u - a +0 shield of reflection (worn)
 w - a +2 cloak of magic resistance (worn)
 B - a +2 pair of boots of running (worn)
 D - the +0 pair of fencer's gloves (worn) {+Riposte Dex+3}
   (You acquired it on level 5 of the Pits of Slime)

   It affects your dexterity (+3).
 Q - the +0 mask of the Dragon (worn) {MR+ Slay+3 SInv}
   (You found it on level 7 of Gehenna)

   It affects your accuracy and damage with ranged weapons and melee attacks
   (+3).
   It affects your resistance to hostile enchantments.
   It lets you see invisible.
Jewellery
 e - the amulet of Guam {RegenMP rF+ SInv Stlth+}
   (You found it in a treasure trove)

   [amulet of magic regeneration]

   It increases your magic regeneration.
   It protects you from fire.
   It lets you see invisible.
   It makes you more stealthy.
 r - the ring of Weisygis (right hand) {rC++ Str-3 Int-5 Slay+3 Stlth+}
   (You acquired it in the Vestibule of Hell)

   [ring of slaying]

   It affects your strength (-3).
   It affects your intelligence (-5).
   It affects your accuracy and damage with ranged weapons and melee attacks
   (+3).
   It greatly protects you from cold.
   It makes you more stealthy.
 v - the ring of Tender Moments {+Inv EV+5 Str+3 Stlth+}
   (You found it in Pandemonium)

   [ring of evasion]

   It affects your evasion (+5).
   It affects your strength (+3).
   It lets you turn invisible.
   It makes you more stealthy.
 y - the ring "Etaothoa" {MR+ Str+2 Dex-5 Stlth+}
   (You acquired it in the Vestibule of Hell)

   [ring of stealth]

   It affects your strength (+2).
   It affects your dexterity (-5).
   It affects your resistance to hostile enchantments.
   It makes you more stealthy.
 P - a +5 amulet of reflection
 R - the amulet "Sageh" (around neck) {rElec rF+ rN+ Regen+ Str+3}
   (You bought it in a shop on level 4 of the Depths)

   [amulet of regeneration]

   It affects your strength (+3).
   It protects you from fire.
   It insulates you from electricity.
   It protects you from negative energy.
   It increases your rate of regeneration.
 Z - the ring "Apnoohir" (left hand) {rF+ MR+ AC+2 Str-3 Int+4}
   (You found it on level 3 of the Abyss)

   [ring of protection]

   It affects your AC (+2).
   It affects your strength (-3).
   It affects your intelligence (+4).
   It protects you from fire.
   It affects your resistance to hostile enchantments.
Wands
 b - a wand of disintegration (79)
 x - a wand of scattershot (32)
 H - a wand of enslavement (24)
 I - a wand of digging (75)
 T - a wand of paralysis (111)
Scrolls
 g - 27 scrolls of teleportation
 k - 6 scrolls of holy word
 l - 5 scrolls of brand weapon
 m - 13 scrolls of enchant weapon
 n - 11 scrolls of fog
 q - 36 scrolls of remove curse
 t - 10 scrolls of blinking
 A - 16 scrolls of amnesia
 C - 6 scrolls of magic mapping
 F - 14 scrolls of immolation
 K - 7 scrolls of identify
 L - 18 scrolls of fear
 M - a scroll of silence
 X - 6 scrolls of summoning
Potions
 a - 12 potions of resistance
 d - 2 potions of might
 i - 4 potions of magic
 j - 10 potions of cancellation
 s - 25 potions of curing
 G - 5 potions of haste
 O - 5 potions of berserk rage
 S - 9 potions of agility
 U - 16 potions of brilliance
 Y - 17 potions of lignification
Miscellaneous
 h - 3 sacks of spiders
 J - a box of beasts
Comestibles
 f - 72 rations


   Skills:
 O Level 27 Fighting
 O Level 27 Maces & Flails
 O Level 27 Armour
 O Level 27 Dodging
 O Level 27 Shields
 * Level 23.9 Summonings
 O Level 27 Invocations
 + Level 14.6 Evocations


You had 21 spell levels left.
You knew the following spells:

 Your Spells              Type           Power        Failure   Level  Hunger
a - Aura of Abjuration    Summ           ###.......   1%          5    ######.


Dungeon Overview and Level Annotations

Branches:
Dungeon (15/15)            Temple (1/1) D:7            Lair (6/6) D:10
 Shoals (4/4) Lair:3       Spider (4/4) Lair:3        Slime (5/5) Lair:6
    Orc (2/2) D:9             Elf (3/3) Orc:2        Vaults (5/5) D:14
  Crypt (3/3) Vaults:2       Tomb (1/3) Crypt:3      Depths (5/5) D:15
   Hell (1/1)                 Dis (7/7) Hell            Geh (7/7) Hell
    Coc (7/7) Hell            Tar (0/7) Hell            Zot (5/5) Depths:5

Altars:
Ashenzari
Cheibriados
Dithmenos
Elyvilon
Fedhas
Gozag
Hepliaklqana
Kikubaaqudgha
Makhleb
Nemelex Xobeh
Okawaru
Qazlal
Ru
Sif Muna
Trog
Uskayaw
Vehumet
Wu Jian
Xom
Yredelemnul
Zin
The Shining One
Jiyva

Shops:
Orc:2 (}(*   Vaults:1 ?   Depths:1 *   Depths:4 [==**[*(([

Portals:
Hell: Depths:1 Depths:2 Depths:3 Depths:4 Depths:5
Abyss: Depths:2 Depths:4
Pandemonium: Depths:1 Depths:2 Depths:3
Ziggurat: Depths:4

Annotations:
D:13 exclusion: ice statue
Coc:7 Antaeus


Innate Abilities, Weirdness & Mutations

You are resistant to torment.
Your stone body is resilient. (AC +20)
You are immune to poison.
Your large and strong wings let you fly indefinitely.
You resist negative energy. (rN+)
You are resistant to electric shocks. (rElec)
You can survive without breathing.
You are immune to petrification.
You are immune to rotting.
You are partially covered in molten scales. (AC +2)
Scrolls take you longer to read.
Armour fits poorly on your strangely shaped body.
Your body often deteriorates upon taking damage.
You are extremely frail. (-30% HP)
Your magical capacity is very low. (-20% MP)
You sometimes yell uncontrollably at your foes.
You do not regenerate when monsters are visible.
You are weak. (Str -2)
Your spells are a little easier to cast, but a little less powerful.


Message History

The iron shot hits you!
Your body deteriorates!
You feel dopey.
You are too injured to fight recklessly!
Unknown command.
Unknown command.
You are too injured to fight recklessly!
The Hell Sentinel gestures at you.
The sphere of damnation explodes!
The damnation engulfs you!
* * * LOW HITPOINT WARNING * * *
You hear a shout! x3; You hear a deafening roar!
You feel much better.
You hear a shout! x2
The Hell Sentinel gestures at you.
The sphere of damnation explodes!
The damnation engulfs you!
* * * LOW HITPOINT WARNING * * *
You hear a shout! x3
You feel much better. The Hell Sentinel gestures at you.
The sphere of damnation explodes!
The damnation engulfs you!
You die...

*8,**,,*,*,,,*,*,,*#...#..###
*,,****************#...#..#..
*,,**********#######...#..#..
*,,,,,,,,,,,,..........#..#..
*,,,,,,*,*,,,*.#.......#..###
*,,,,,,,,,,,,...1.1.......#..
######################.8..#..
#8....))..........1.......#..
#8...)).....@.....1.......###
####)########################
#.....#....#....#...#...##..
###.###.#....#....#...#...##..
#.........##.#.##.#...#...###.
#...................#.#.#.##..
#..........)...............#..
##.........................#.)
##............................


You could see 2 Hell Sentinels.

Vanquished Creatures
  the Royal Jelly (Slime:5)
  Gloorx Vloq (Pan)
  the Serpent of Hell (Geh:7)
  Mnoleg (Pan)
  2 orbs of fire (Zot:5)
  Mara (Vaults:2)
  Mennas (Depths:4)
  8 ancient liches
  2 juggernauts (Depths:4)
  8 pandemonium lords (Pan)
  2 greater mummies (Tomb:1)
  Boris (Vaults:3)
  Margery (Vaults:3)
  2 curse toes (Zot:4)
  32 shard shrikes
  Frederick (Crypt:2)
  Xtahua (Vaults:3)
  A caustic shrike (shapeshifter) (Elf:3)
  Nikola (Vaults:2)
  8 golden dragons
  3 Killer Klowns
  4 profane servitors
  Geryon (Hell)
  Jory (Crypt:2)
  31 bone dragons
  4 Tzitzimimeh
  26 Brimstone Fiends
  6 electric golems
  Jorgrun (Depths:2)
  5 iron giants
  A hellephant (Abyss:1)
  36 Ice Fiends
  23 tentacled monstrosities
  24 liches
  14 Hell Sentinels
  8 Orb Guardians (Zot:5)
  5 titans
  A deep elf master archer (Elf:3)
  The ghost of meatyocre the Brawler, an adept TrFi of Uskayaw (Shoals:3)
  10 quicksilver dragons
  23 acid blobs
  4 deep elf blademasters
  31 Executioners
  6 eldritch tentacles
  57 tentacled starspawn
  10 sphinxes
  7 death cobs
  15 ancient champions
  Donald (Spider:4)
  7 tengu reavers
  21 storm dragons
  Ilsuiw (Shoals:4)
  8 draconian monks
  14 shadow dragons
  9 revenants
  14 fire giants
  An azure jelly (shapeshifter) (Vaults:5)
  17 azure jellies
  The ghost of rabel the Earth Mage, an adept GrEE of Sif Muna (Shoals:1)
  A daeva (Abyss:3)
  7 frost giants
  7 deep elf sorcerers
  16 vault wardens
  4 iron dragons
  5 draconian knights
  Louise (Elf:2)
  13 draconian scorchers
  10 black suns (Pan)
  13 ghost moths
  5 warmongers (Pan)
  2 emperor scorpions (Spider:4)
  The ghost of rabel the Earth Mage, an adept GrEE of Sif Muna (Shoals:1)
  48 balrugs
  7 draconian shifters
  11 corrupters (Pan)
  2 angels (Abyss:1)
  5 deep elf elementalists
  19 war gargoyles
  21 cacodemons
  6 curse skulls
  A ghoul (Crypt:2)
  19 ironheart preservers
  4 draconian annihilators
  3 ophanim
  A spriggan defender (Depths:3)
  2 elemental wellsprings
  5 entropy weavers
  43 very ugly things
  6 draconian stormcallers
  62 reapers
  4 blood saints (Pan)
  10 vampire knights
  11 stone giants
  20 lorocyprocas
  2 dire elephants
  17 black draconians
  15 purple draconians
  14 deep elf demonologists
  16 green draconians
  14 yellow draconians
  11 deep elf annihilators
  Snorg (D:11)
  The ghost of faustus the Carver, a journeyman MiBe of Trog (Lair:5)
  3 spark wasps
  8 red draconians
  14 white draconians
  6 deep elf death magi
  7 eidola
  11 merfolk impalers
  12 ettins
  11 death oozes
  6 merfolk javelineers (Shoals:4)
  37 blizzard demons
  10 mummy priests
  6 deep elf high priests
  15 green deaths
  6 fire dragons
  16 jiangshi
  4 kraken zombies
  14 quicksilver dragon zombies
  14 yaktaur captains
  16 ogre magi
  19 great orbs of eyes
  14 rakshasas
  3 hell beasts
  32 ice dragons
  37 vault guards
  10 quicksilver dragon skeletons
  2 naga warriors (Abyss:1)
  5 hydras
  4 merfolk avatars
  2 catoblepae (Lair:6)
  An alligator snapping turtle (Shoals:4)
  15 monstrous demonspawn (Pan)
  3 merfolk aquamancers
  11 centaur warriors
  2 satyrs
  63 two-headed ogres
  9 death scarabs (Tomb:1)
  8 deep troll shamans
  37 hell hogs
  7 death knights
  12 vampire magi
  13 death yaks
  6 deep troll earth magi
  4 tengu warriors
  5 titan zombies
  2 dancing weapons (Dis:7)
  51 thrashing horrors
  4 orc high priests
  3 spriggan berserkers
  36 soul eaters
  2 iron golems
  105 skeletal warriors
  60 wretched stars
  17 storm dragon zombies
  26 deep elf knights
  90 sun demons
  A fire crab (shapeshifter) (Vaults:1)
  12 spatial maelstroms
  12 titan skeletons
  8 storm dragon skeletons
  3 iron trolls
  8 golden dragon zombies
  50 hell knights
  An iron troll (shapeshifter) (Depths:5)
  18 flayed ghosts
  4 death drakes
  31 sixfirhies
  2 spectral anacondas (Depths:2)
  A cherub (Pan)
  16 shadow wraiths
  2 death drakes (shapeshifter)
  26 deep trolls
  190 large abominations
  20 glowing orange brains
  20 anaconda zombies
  11 unseen horrors
  An unseen horror (shapeshifter) (Vaults:2)
  8 gelid demonspawn (Pan)
  An obsidian statue (Vaults:2)
  6 ghost moth zombies
  A deep troll (shapeshifter) (Vaults:5)
  A kraken simulacrum (Coc:3)
  6 infernal demonspawn (Pan)
  12 torturous demonspawn (Pan)
  12 sea snakes
  11 shadow demons
  A lindwurm (shapeshifter) (Abyss:1)
  17 orc knights
  8 anaconda skeletons
  A swamp dragon (shapeshifter) (Depths:3)
  4 shadow dragon zombies
  13 phantasmal warriors
  11 harpies
  Pikel (D:8)
  16 ironbrand convokers
  23 necromancers
  7 deep elf archers
  2 orange crystal statues (Depths:2)
  9 wolf spider zombies
  7 wizards
  13 stone giant zombies
  24 manticores
  4 shadow dragon skeletons
  4 mana vipers
  10 iron dragon zombies
  8 golden dragon skeletons
  18 fauns
  43 wolf spiders
  9 orc sorcerers
  61 deep elf magi
  24 worldbinders
  A shining eye (shapeshifter) (Depths:1)
  25 orb spiders
  11 shining eyes
  A moth of wrath (shapeshifter) (Abyss:3)
  4 salamanders
  43 moths of wrath
  23 cyclopes
  75 ugly things
  15 fire giant zombies
  15 frost giant zombies
  4 dire elephant zombies
  3 iron dragon skeletons
  14 fire giant skeletons
  A manticore (shapeshifter) (Elf:1)
  5 black mambas
  8 elephants (Lair:6)
  8 merfolk sirens
  A naga mage (Abyss:1)
  12 apocalypse crabs
  11 stone giant skeletons
  4 eyes of devastation
  11 frost giant skeletons
  50 rust devils
  15 molten gargoyles
  41 orange demons
  3 shock serpent zombies
  A torpor snail (shapeshifter) (Zot:2)
  3 ice statues
  11 spiny frogs
  2 guardian serpents (shapeshifter)
  5 guardian serpents
  89 smoke demons
  2 shock serpent skeletons
  7 titan simulacra
  19 vault sentinels
  5 torpor snails
  A spiny frog (shapeshifter) (Abyss:1)
  7 water nymphs
  3 centaur skeletons
  8 dire elephant skeletons
  5 rime drakes
  8 gargoyles
  A death yak zombie (Crypt:2)
  40 yaktaurs
  43 hellions
  48 freezing wraiths
  2 rime drakes (shapeshifter)
  A white draconian zombie (Crypt:2)
  5 emperor scorpion zombies
  64 tormentors
  2 human zombies
  2 catoblepas zombies
  A red draconian zombie (Geh:2)
  7 komodo dragons
  A yaktaur (shapeshifter) (Vaults:1)
  3 kobold demonologists
  25 efreet
  2 spectral merfolk (Depths:2)
  2 anaconda simulacra
  41 hellwings
  54 ice devils
  2 golden dragon simulacra
  33 demonic crawlers
  12 guardian mummies
  4 catoblepas skeletons
  4 spectral deep trolls (Crypt:1)
  4 tengu conjurers
  52 ancient zymes
  8 trolls
  A ghost moth simulacrum (Coc:7)
  3 harpy zombies
  28 hydra zombies
  36 jumping spiders
  3 meliai (D:13)
  3 meliai (shapeshifter)
  A silent spectre (Abyss:3)
  2 polar bears
  63 red devils
  2 wolf spider simulacra
  A sphinx simulacrum (Vaults:1)
  A raiju (shapeshifter) (Vaults:1)
  4 harpy skeletons
  21 hydra skeletons
  A tengu simulacrum (Vaults:2)
  12 hornets
  5 wind drakes
  Grinder (D:5)
  5 ettin zombies
  13 hippogriffs
  37 merfolk
  95 raiju
  43 blink frogs
  20 dream sheep
  4 fire dragon zombies
  A blink frog (shapeshifter) (Abyss:3)
  2 iron dragon simulacra
  15 alligator zombies
  A frost giant simulacrum (Hell)
  8 snapping turtles
  10 ice dragon skeletons
  4 ice dragon zombies
  A fire giant simulacrum (Abyss:1)
  A redback (shapeshifter) (Vaults:1)
  133 slime creatures
  76 redbacks
  146 flying skulls
  39 shadows
  2 stone giant simulacra
  2 shock serpent simulacra
  199 starcursed masses
  11 vampires
  9 ettin skeletons
  49 tarantellas
  A black mamba zombie (Coc:1)
  A tarantella (shapeshifter) (Vaults:3)
  17 fire dragon skeletons
  Sigmund (D:4)
  2 wyverns
  A dire elephant simulacrum (Abyss:1)
  35 yaks
  56 ynoxinuls
  4 air elementals
  5 ushabtiu (Tomb:1)
  54 wraiths
  A wind drake zombie (Crypt:2)
  A basilisk (shapeshifter) (D:15)
  3 basilisks
  35 water elementals
  The ghost of MayorMcCheese the Shooter, an amateur CeHu of Okawaru (D:3)
  4 black mamba skeletons
  26 golden eyes
  A hog (shapeshifter) (Vaults:3)
  4 alligator skeletons
  A human (shapeshifter) (Abyss:1)
  A yaktaur simulacrum (Vaults:3)
  8 fire bats
  64 neqoxecs
  2 yaks (shapeshifter)
  38 fire elementals
  4 vampire mosquitoes (D:15)
  2 human simulacra
  20 hungry ghosts
  2 elf skeletons
  59 chaos spawn
  13 wargs
  35 spatial vortices
  9 insubstantial wisps
  3 nagas (Abyss:1)
  A soldier ant (D:10)
  21 spiny frog zombies
  98 hell hounds
  An infernal demonspawn skeleton (Crypt:3)
  10 porcupines
  3 spectral spriggans (Depths:2)
  4 spiny frog skeletons
  17 water moccasins
  36 orc warriors
  A floating eye (Depths:2)
  7 hydra simulacra
  2 manticore zombies
  3 snapping turtle zombies
  A swamp drake (Abyss:3)
  26 ice beasts
  2 spectral trolls (Depths:2)
  4 black bears
  An ettin simulacrum (Coc:4)
  2 hornet zombies
  5 sky beasts
  12 phantoms
  2 alligator simulacra
  A black mamba simulacrum (Abyss:3)
  113 small abominations
  10 boggarts
  23 eyes of draining
  2 eyes of draining (shapeshifter)
  2 swamp dragon zombies
  A manticore skeleton (Geh:2)
  A tengu (shapeshifter) (Vaults:4)
  49 ogres
  A boggart (shapeshifter) (Abyss:1)
  8 necrophages
  14 wolves
  2 human skeletons
  9 snapping turtle skeletons
  21 centaurs
  10 crocodiles
  A swamp dragon skeleton (Coc:7)
  A blink frog skeleton (Crypt:1)
  An elf zombie (Dis:5)
  Blork the orc (D:4)
  10 bullfrogs
  10 big kobolds
  5 earth elementals
  2 merfolk simulacra (Depths:2)
  2 wyvern zombies
  3 spiny frog simulacra
  A wyvern skeleton (Crypt:1)
  9 scorpions
  A swamp dragon simulacrum (Coc:2)
  A troll zombie (Dis:5)
  6 killer bees (D:9)
  95 wights
  4 spectral nagas (Depths:2)
  17 electric eels
  6 howler monkeys
  A spectral centaur (Depths:2)
  15 crimson imps
  4 bullfrog zombies
  21 quasits
  6 centaur zombies
  6 jellies
  12 hounds
  27 orc wizards
  23 orc priests
  48 iron imps
  A bullfrog skeleton (D:13)
  Terence (D:2)
  4 iguanas
  12 worker ants
  A troll simulacrum (Depths:2)
  A spriggan simulacrum (Depths:2)
  A big kobold zombie (Crypt:1)
  A centaur simulacrum (Depths:2)
  2 ogre zombies
  A tengu skeleton (Abyss:1)
  A deep dwarf skeleton (Crypt:2)
  A hound skeleton (D:5)
  17 mummies
  A worker ant zombie (D:7)
  A howler monkey zombie (Crypt:1)
  Robin (D:3)
  A howler monkey skeleton (D:4)
  2 gnolls (D:6)
  A scorpion zombie (Crypt:1)
  10 adders
  A swamp drake skeleton (Crypt:2)
  6 shadow imps
  35 white imps
  22 ufetubi
  2 adder zombies
  2 oozes
  2 iguana skeletons
  4 worms
  A dart slug (D:3)
  3 leopard geckos
  123 orcs
  3 bats
  12 giant cockroaches
  24 goblins
  17 hobgoblins
  16 jackals
  8 quokkas
  4 frilled lizards
  3 frilled lizard skeletons
  61 kobolds
  An orc skeleton (Coc:5)
  2 orc zombies
  A quokka skeleton (D:7)
  2 quokka zombies
  5 rats
  9 briar patches (Pan)
  3 fire vortices (Pan)
  4 lurking horrors
  11 plants
  49 starspawn tentacles
  7 tentacles
6823 creatures vanquished.

Vanquished Creatures (collateral kills)
  Cerebov (Pan)
  Asmodeus (Geh:7)
  A Brimstone Fiend (Geh:7)
  2 Executioners (Pan)
  A black sun (Pan)
  3 lorocyprocas (Pan)
  A green death (Pan)
  A death ooze (Slime:5)
  A monstrous demonspawn (Pan)
  2 hell hogs (Geh:7)
  A titan zombie (Geh:7)
  5 hell knights (Geh:7)
  2 sun demons (Pan)
  3 shadow wraiths (Pan)
  A torturous demonspawn (Pan)
  A golden dragon zombie (Geh:7)
  2 frost giant zombies (Geh:7)
  A smoke demon (Pan)
  A dire elephant skeleton (Pan)
  3 demonic crawlers (Pan)
  A hellwing (Pan)
  A red devil (Pan)
  2 large abominations (Pan)
  A fire dragon skeleton (Geh:7)
  A ynoxinul (Pan)
  A wraith (Geh:7)
  A fire vortex (Geh:7)
42 creatures vanquished.

Vanquished Creatures (others)
  An ancient lich (Zot:5)
  A deep elf master archer (Elf:3)
  2 eldritch tentacles
  A cacodemon (Pan)
  An angel (Abyss:1)
  An elemental wellspring (Coc:7)
  A very ugly thing (Pan)
  2 stone giants (Depths:1)
  A merfolk javelineer (Shoals:4)
  A yaktaur captain (Vaults:1)
  A rakshasa (Pan)
  2 ice dragons (Coc:7)
  3 centaur warriors
  2 satyrs
  27 dancing weapons
  3 deep elf knights (Elf:2)
  A soul eater (Pan)
  A wretched star (Abyss:1)
  An anaconda zombie (Geh:7)
  A wizard (Pan)
  A shadow demon (Pan)
  A ghost moth zombie (Geh:7)
  2 deep elf archers
  A faun (Shoals:2)
  2 moths of wrath (Zot:5)
  A molten gargoyle (Geh:7)
  4 yaktaurs
  A tormentor (Dis:5)
  2 ice devils
  A guardian mummy (Tomb:1)
  A jumping spider (Spider:1)
  A flying skull (Dis:2)
  2 shadows
  3 water elementals
  A black mamba zombie (Tomb:1)
  A wraith (Geh:7)
  A spiny frog skeleton (Geh:7)
  An orc warrior (Elf:1)
  An eye of draining (Abyss:3)
  4 centaurs
  3 small abominations
  A wight (Geh:7)
  A spriggan skeleton (Geh:5)
  A starcursed mass (Abyss:1)
  An iron imp (Geh:3)
  An ogre zombie (Geh:7)
  An ufetubus (Abyss:3)
  13 ball lightnings (Pan)
  5 orcs
  A kobold zombie (Geh:4)
  2 blocks of ice (Pan)
  A bush (Lair:6)
  8 fungi
  8 lurking horrors
  16 plants
  93 starspawn tentacles
  16 tentacles
258 creatures vanquished.

Grand Total: 7123 creatures vanquished

Notes
Turn   | Place    | Note
-------+----------+-------------------------------------------
     0 | D:1      | zaxin the Gargoyle Fighter began the quest for the Orb.
     0 | D:1      | Reached XP level 1. HP: 14/14 MP: 1/1
    58 | D:1      | Reached XP level 2. HP: 13/19 MP: 2/2
   827 | D:1      | Reached XP level 3. HP: 23/23 MP: 3/3
  1207 | D:2      | Found an iron altar of Okawaru.
  1221 | D:2      | Found a shadowy altar of Dithmenos.
  1263 | D:2      | Found a snail-covered altar of Cheibriados.
  1420 | D:2      | Found a hide-covered altar of Uskayaw.
  1487 | D:2      | Reached XP level 4. HP: 28/28 MP: 4/4
  1655 | D:2      | Noticed Terence
  1707 | D:2      | Killed Terence
  1707 | D:2      | Reached skill level 1 in Dodging
  1780 | D:2      | Reached XP level 5. HP: 33/33 MP: 5/5
  2477 | D:3      | Noticed MayorMcCheese's ghost (amateur CeHu)
  2484 | D:3      | Killed MayorMcCheese's ghost
  2484 | D:3      | Reached XP level 6. HP: 29/38 MP: 6/6
  2710 | D:3      | Noticed Robin
  2724 | D:3      | Killed Robin
  2724 | D:3      | Reached XP level 7. HP: 36/43 MP: 7/7
  3030 | D:3      | Reached skill level 5 in Maces & Flails
  3332 | D:4      | Noticed Sigmund
  3345 | D:4      | Killed Sigmund
  3711 | D:4      | Noticed Blork the orc
  3725 | D:4      | Killed Blork the orc
  3911 | D:4      | Reached XP level 8. HP: 48/48 MP: 8/8
  4128 | D:5      | Entered Level 5 of the Dungeon
  4169 | D:5      | Reached skill level 5 in Fighting
  4242 | D:5      | Reached skill level 5 in Armour
  4259 | D:5      | Noticed Grinder
  4267 | D:5      | Killed Grinder
  4267 | D:5      | Reached skill level 5 in Shields
  4361 | D:5      | Found an opulent altar of Gozag.
  4363 | D:5      | Found a hazy altar of Hepliaklqana.
  4363 | D:5      | Found a snail-covered altar of Cheibriados.
  4365 | D:5      | Found a shimmering altar of Xom.
  4365 | D:5      | Found a shimmering altar of Xom.
  4365 | D:5      | Found a glowing golden altar of the Shining One.
  4559 | D:5      | Reached XP level 9. HP: 55/55 MP: 9/9
  6372 | D:7      | Found a basalt altar of Yredelemnul.
  6596 | D:7      | Found a staircase to the Ecumenical Temple.
  6621 | Temple   | Entered the Ecumenical Temple
  6682 | Temple   | Became a worshipper of Gozag Ym Sagoz the Greedy
  6712 | D:7      | Found a white marble altar of Elyvilon.
  6750 | D:7      | Found a sacrificial altar of Ru.
  6878 | D:7      | Found a blossoming altar of Fedhas.
  6979 | D:7      | You fall through a shaft for 3 floors!
  6979 | D:10     | Entered Level 10 of the Dungeon
  6980 | D:10     | Found a staircase to the Lair.
  7039 | D:10     | Reached XP level 10. HP: 57/61 MP: 8/10
  7083 | D:10     | Reached skill level 10 in Maces & Flails
  7595 | D:10     | Noticed a gargoyle
  7824 | D:9      | Noticed a kobold demonologist
  7828 | D:9      | Noticed a two-headed ogre
  7841 | D:9      | Killed a two-headed ogre
  7851 | D:9      | Killed a kobold demonologist
  7913 | D:9      | Found a burning altar of Makhleb.
  8059 | D:8      | Reached XP level 11. HP: 68/68 MP: 11/11
  8152 | D:8      | Reached skill level 5 in Dodging
  8638 | D:8      | Noticed Pikel
  8651 | D:8      | Paralysed by Pikel for 5 turns
  8662 | D:8      | Killed Pikel
  9468 | D:9      | Found a staircase to the Orcish Mines.
  9984 | D:9      | Noticed a cyan ugly thing
 10018 | D:9      | Killed a cyan ugly thing
 10066 | D:9      | Noticed a two-headed ogre
 10087 | D:9      | Killed a two-headed ogre
 10962 | D:11     | Noticed a skeletal warrior
 10999 | Lair:1   | Entered Level 1 of the Lair of Beasts
 11156 | Lair:1   | Reached XP level 12. HP: 68/76 MP: 10/12
 12488 | Lair:3   | Found a hole to the Spider Nest.
 12558 | Lair:3   | Noticed a death yak
 12558 | Lair:3   | Noticed a death yak
 12558 | Lair:3   | Noticed a death yak
 12559 | Lair:3   | Noticed a death yak
 12559 | Lair:3   | Noticed a death yak
 12561 | Lair:3   | Noticed a death yak
 12623 | Lair:2   | Killed a death yak
 12810 | Lair:1   | Killed a death yak
 12902 | Lair:2   | Killed a death yak
 12917 | Lair:2   | Killed a death yak
 12995 | Lair:3   | Killed a death yak
 13015 | Lair:3   | Killed a death yak
 13015 | Lair:3   | Reached skill level 10 in Fighting
 13203 | Lair:3   | Noticed a four-headed hydra
 13216 | Lair:3   | Killed a four-headed hydra
 13222 | Lair:3   | Reached XP level 13. HP: 47/82 MP: 10/13
 13680 | Lair:3   | Found a staircase to the Shoals.
 13899 | Lair:3   | Got a jewelled chain mail
 13910 | Lair:3   | Identified the +8 chain mail "Kahiem" {rN+ Str+8 Int-4} (You found it on level 3 of the Lair of Beasts)
 14521 | Lair:4   | Reached skill level 10 in Shields
 14955 | Lair:5   | Noticed faustus's ghost (journeyman MiBe)
 15003 | Lair:5   | Killed faustus's ghost
 16106 | Lair:6   | Entered Level 6 of the Lair of Beasts
 16106 | Lair:6   | Found a staircase to the Slime Pits.
 16514 | Lair:6   | Gained mutation: Your large and strong wings let you fly indefinitely. [Gargoyle growth]
 16514 | Lair:6   | Reached XP level 14. HP: 86/91 MP: 14/14
 16574 | Lair:6   | Noticed a dire elephant
 16584 | Lair:6   | Reached skill level 15 in Maces & Flails
 16604 | Lair:6   | Killed a dire elephant
 18206 | D:11     | Noticed Snorg
 18215 | D:11     | Killed Snorg
 19280 | D:13     | Reached XP level 15. HP: 99/99 MP: 15/15
 20578 | D:14     | Found a gate to the Vaults.
 21584 | D:15     | Entered Level 15 of the Dungeon
 22469 | D:15     | Reached XP level 16. HP: 79/107 MP: 16/16
 22479 | D:15     | Found a staircase to the Depths.
 22974 | Orc:1    | Entered Level 1 of the Orcish Mines
 23238 | Orc:1    | Found a bloodstained altar of Trog.
 23628 | Orc:2    | Entered Level 2 of the Orcish Mines
 24592 | Orc:2    | Found a staircase to the Elven Halls.
 25115 | Orc:2    | Found Qocunihi's Assorted Antiques.
 25115 | Orc:2    | Found Anobaj's Weapon Boutique.
 25117 | Orc:2    | Found Deosm's Weapon Emporium.
 25117 | Orc:2    | Found Letunu's Gadget Boutique.
 25151 | Orc:2    | Bought a smelly ring mail for 225 gold pieces
 25151 | Orc:2    | Bought a blackened ruby ring for 125 gold pieces
 25152 | Orc:2    | Identified the +7 ring mail of Sif Muna's Whim {rN+ Dex+4 Slay-4} (You bought it in a shop on level 2 of the Orcish Mines)
 25773 | Orc:1    | Found the +6 shillelagh "Devastator" {shatter}
 25775 | Orc:1    | Reached skill level 10 in Armour
 25800 | Orc:1    | Reached skill level 15 in Fighting
 26033 | Orc:1    | Got a clouded golden ring
 26034 | Orc:1    | Identified the cursed ring of Hionun {rPois rF- Str+3 Dex-2} (You found it on level 1 of the Orcish Mines)
 26100 | Orc:1    | You are sucked into a shaft!
 26858 | Spider:1 | Entered Level 1 of the Spider Nest
 27851 | Spider:2 | Reached skill level 10 in Dodging
 27870 | Spider:2 | Reached XP level 17. HP: 110/113 MP: 0/17
 27946 | Spider:2 | Reached skill level 15 in Shields
 29187 | Spider:4 | Entered Level 4 of the Spider Nest
 29919 | Spider:4 | Noticed Donald
 29930 | Spider:4 | Killed Donald
 30216 | Spider:4 | Reached XP level 18. HP: 88/121 MP: 0/18
 30806 | Spider:4 | Got a gossamer rune of Zot
 31357 | Vaults:1 | Entered Level 1 of the Vaults
 31385 | Vaults:1 | Found Liunt's Magic Scroll Shop.
 31391 | Vaults:1 | Paralysed by an ogre mage for 6 turns
 31442 | Vaults:1 | Bought a scroll of identify for 42 gold pieces
 31442 | Vaults:1 | Bought a scroll of enchant weapon for 157 gold pieces
 31442 | Vaults:1 | Bought a scroll of identify for 42 gold pieces
 31442 | Vaults:1 | Bought a scroll of acquirement for 1092 gold pieces
 31442 | Vaults:1 | Bought a scroll of acquirement for 1092 gold pieces
 31442 | Vaults:1 | Bought a scroll of magic mapping for 73 gold pieces
 32481 | Vaults:1 | Reached XP level 19. HP: 128/128 MP: 19/19
 33281 | Vaults:2 | Found a staircase to the Crypt.
 33292 | Vaults:2 | Noticed Mara
 33295 | Vaults:2 | Noticed zaxin's illusion
 33494 | Vaults:1 | vaults
 34174 | Vaults:2 | Noticed Nikola
 34549 | Shoals:1 | Entered Level 1 of the Shoals
 34570 | Shoals:1 | Noticed rabel's ghost (adept GrEE)
 34599 | Shoals:1 | Killed rabel's ghost
 35198 | Shoals:1 | Noticed rabel's ghost (adept GrEE)
 35240 | Shoals:1 | Killed rabel's ghost
 35716 | Shoals:2 | Reached XP level 20. HP: 128/136 MP: 20/20
 36436 | Shoals:3 | Noticed meatyocre's ghost (adept TrFi)
 36463 | Shoals:3 | Killed meatyocre's ghost
 36803 | Shoals:3 | Got a warped ring mail
 36804 | Shoals:3 | Identified the +3 ring mail "Iresaugy" {Regen+ Int+4 Dex+3 Stlth-} (You found it on level 3 of the Shoals)
 37284 | Shoals:4 | Entered Level 4 of the Shoals
 37639 | Shoals:4 | Got a barnacled rune of Zot
 37914 | Shoals:4 | Noticed Ilsuiw
 37927 | Shoals:4 | Killed Ilsuiw
 38653 | Shoals:4 | Identified the Handbook of Weightlessness and Dark Rituals
 38994 | Elf:1    | Entered Level 1 of the Elven Halls
 39252 | Elf:1    | Found Hoiraic's Food Boutique.
 39260 | Elf:1    | Bought a ration for 65 gold pieces
 39260 | Elf:1    | Bought a ration for 65 gold pieces
 39260 | Elf:1    | Bought a ration for 65 gold pieces
 39260 | Elf:1    | Bought a ration for 65 gold pieces
 39260 | Elf:1    | Bought a ration for 65 gold pieces
 39260 | Elf:1    | Bought a ration for 65 gold pieces
 39260 | Elf:1    | Bought a ration for 65 gold pieces
 39260 | Elf:1    | Bought a ration for 65 gold pieces
 39260 | Elf:1    | Bought a ration for 65 gold pieces
 39260 | Elf:1    | Bought a ration for 65 gold pieces
 39260 | Elf:1    | Bought a ration for 65 gold pieces
 39517 | Elf:1    | Reached XP level 21. HP: 119/143 MP: 21/21
 39589 | Elf:1    | Got a dazzling chain mail
 39590 | Elf:1    | Identified the +6 chain mail of Job Mipp {-Cast Str+3} (You found it on level 1 of the Elven Halls)
 40111 | Elf:2    | Noticed Louise
 40130 | Elf:2    | Killed Louise
 40558 | Elf:2    | Found a huge runed gate.
 40558 | Elf:2    | Found a huge runed gate.
 40558 | Elf:2    | Found a huge runed gate.
 41576 | Depths:1 | Entered Level 1 of the Depths
 41576 | Depths:1 | Found Xuhof's Demolitions Depot.
 41588 | Depths:1 | Paralysed by a great orb of eyes for 3 turns
 41812 | Depths:1 | Found a gateway to Hell.
 41936 | Depths:1 | Found a one-way gate leading to the halls of Pandemonium.
 42001 | Depths:1 | Gained mutation: You are frail. (-10% HP) [a shining eye]
 42926 | Depths:2 | Reached XP level 22. HP: 92/135 MP: 22/22
 43066 | Depths:2 | Found the +3 pair of gauntlets of War {Slay+5}
 43572 | Depths:2 | Found a one-way gate to the infinite horrors of the Abyss.
 43605 | Depths:2 | Reached XP level 23. HP: 132/140 MP: 23/23
 43778 | Depths:2 | Noticed an ancient lich
 43799 | Depths:2 | Killed an ancient lich
 43887 | Depths:2 | Noticed Jorgrun
 43914 | Depths:2 | Paralysed by a floating eye for 4 turns
 43924 | Depths:2 | Killed Jorgrun
 44549 | Depths:2 | Reached skill level 5 in Invocations
 44549 | Depths:2 | Reached XP level 24. HP: 146/146 MP: 23/26
 45673 | Depths:3 | Found Foemuen's Food Shop.
 45713 | Depths:3 | Bought a ration for 55 gold pieces
 45713 | Depths:3 | Bought a ration for 55 gold pieces
 45713 | Depths:3 | Bought a ration for 55 gold pieces
 45713 | Depths:3 | Bought a ration for 55 gold pieces
 45713 | Depths:3 | Bought a ration for 55 gold pieces
 45713 | Depths:3 | Bought a ration for 55 gold pieces
 45713 | Depths:3 | Bought a ration for 55 gold pieces
 45713 | Depths:3 | Bought a ration for 55 gold pieces
 45713 | Depths:3 | Bought a ration for 55 gold pieces
 46254 | Depths:4 | Found a gateway to a ziggurat.
 46617 | Depths:4 | Noticed a juggernaut
 46625 | Depths:4 | Killed a juggernaut
 46633 | Depths:4 | Reached XP level 25. HP: 126/152 MP: 26/26
 46680 | Depths:4 | Noticed a juggernaut
 46698 | Depths:4 | Killed a juggernaut
 46957 | Depths:4 | Noticed Mennas
 47017 | Depths:4 | Killed Mennas
 47504 | Depths:5 | Entered Level 5 of the Depths
 47533 | Depths:5 | Found a glowing golden altar of the Shining One.
 47657 | Depths:5 | Reached skill level 1 in Evocations
 48235 | Depths:5 | Found a gate to the Realm of Zot.
 48942 | Depths:4 | Got a fine chain mail
 48943 | Depths:4 | Identified the +5 chain mail of Context {Slay+2} (You found it on level 4 of the Depths)
 48957 | Depths:4 | Bought the +9 demon whip of the Mushroom {elec, Str+5 Int+4} for 2012 gold pieces
 48961 | Depths:4 | Bought a potion of haste for 400 gold pieces
 48961 | Depths:4 | Bought a scroll of blinking for 300 gold pieces
 48961 | Depths:4 | Bought a potion of heal wounds for 200 gold pieces
 48965 | Depths:4 | Bought the amulet "Sageh" {rElec rF+ rN+ Regen+ Str+3} for 861 gold pieces
 49686 | Elf:3    | Entered Level 3 of the Elven Halls
 50137 | Elf:3    | Found a deep blue altar of Sif Muna.
 50443 | Elf:3    | Found a portal to a secret trove of treasure.
 50747 | Elf:3    | Gained mutation: Your magical capacity is low. (-10% MP) [a neqoxec]
 51127 | Elf:3    | Reached XP level 26. HP: 159/159 MP: 24/24
 51320 | Elf:3    | Identified the Disquisition on Flamy Necromancy
 51334 | Elf:3    | Identified the Grimoire of Dark Magic and the Entourage
 51395 | Elf:3    | Got a transparent silver ring
 51396 | Elf:3    | Identified the ring of Midsummer {rC+ Stlth+} (You took it off a deep elf mage on level 3 of the Elven Halls)
 51544 | Elf:3    | Identified the Collected Works on Twisted Contamination
 51593 | Elf:3    | Got a transparent plate armour
 51594 | Elf:3    | Identified the +8 plate armour of the Crown {MR+ Int+3} (You found it on level 3 of the Elven Halls)
 51628 | Elf:3    | Got a translucent cloak
 51629 | Elf:3    | Identified the cursed +0 cloak "Tirhec" {Int+7} (You found it on level 3 of the Elven Halls)
 51661 | Elf:3    | Identified a +1 pair of boots of running (You found it on level 3 of the Elven Halls)
 52182 | Vaults:1 | Bought a scroll of fog for 42 gold pieces
 52182 | Vaults:1 | Bought a scroll of teleportation for 63 gold pieces
 52182 | Vaults:1 | Bought a scroll of teleportation for 63 gold pieces
 52182 | Vaults:1 | Bought a scroll of enchant armour for 157 gold pieces
 52182 | Vaults:1 | Bought a scroll of teleportation for 63 gold pieces
 52565 | Vaults:2 | Noticed zaxin's illusion
 52594 | Vaults:2 | Killed Mara
 52694 | Vaults:2 | Killed Nikola
 53028 | Vaults:3 | Noticed Margery
 53046 | Vaults:3 | Killed Margery
 53622 | Vaults:3 | Noticed Boris
 53643 | Vaults:3 | Killed Boris
 53643 | Vaults:3 | Reached skill level 15 in Dodging
 53733 | Vaults:3 | Noticed Xtahua
 53738 | Vaults:3 | Killed Xtahua
 55133 | Vaults:4 | Reached XP level 27. HP: 165/165 MP: 24/24
 55306 | Vaults:5 | Entered Level 5 of the Vaults
 55802 | Vaults:5 | Identified the Tome of Displacement and Heat
 55849 | Vaults:5 | Identified the amulet of Vyjan {Harm *Drain +Inv Str+5 Stlth-} (You found it on level 5 of the Vaults)
 56167 | Vaults:5 | Noticed an ancient lich
 56185 | Vaults:5 | Killed an ancient lich
 56411 | Vaults:5 | Identified the ring of Vutase {*Tele Int+3} (You took it off an orc knight on level 5 of the Vaults)
 56626 | Vaults:5 | Noticed an ancient lich
 56637 | Vaults:5 | Killed an ancient lich
 56801 | Vaults:5 | Got a silver rune of Zot
 56880 | Vaults:5 | Reached skill level 15 in Armour
 56964 | Vaults:5 | Identified the +3 chain mail of the Other World {rF+ Dex+3} (You found it on level 5 of the Vaults)
 57404 | Vaults:5 | Identified the +5 flail "Dibal" {elec, rN+ Int+4 Stlth+} (You found it on level 5 of the Vaults)
 57690 | Depths:4 | Bought a potion of might for 84 gold pieces
 57690 | Depths:4 | Bought a sack of spiders for 420 gold pieces
 57690 | Depths:4 | Bought a ration for 105 gold pieces
 57690 | Depths:4 | Bought a scroll of magic mapping for 73 gold pieces
 57695 | Depths:4 | Bought an uncursed ring of protection from magic for 350 gold pieces
 57707 | Depths:4 | Bought a potion of mutation for 336 gold pieces
 57711 | Depths:4 | Bought a scroll of enchant weapon for 300 gold pieces
 57717 | Depths:4 | Bought a pitted chain mail for 446 gold pieces
 57717 | Depths:4 | Bought a blackened chain mail for 446 gold pieces
 57717 | Depths:4 | Bought a pitted hat for 423 gold pieces
 57717 | Depths:4 | Identified the +6 chain mail of Weirdness {rF+} (You bought it in a shop on level 4 of the Depths)
 57718 | Depths:4 | Identified the cursed +0 hat "Zyg Feim" {rPois Regen+ Int-2 SInv} (You bought it in a shop on level 4 of the Depths)
 57719 | Depths:4 | Identified the +7 chain mail "Asuihe Kako" {rN+} (You bought it in a shop on level 4 of the Depths)
 57789 | Zot:1    | Entered Level 1 of the Realm of Zot
 58102 | Zot:1    | HP: 4/169 [golden dragon (11)]
 58282 | Depths:5 | Lost mutation: Your magical capacity is low. (-10% MP) [potion of mutation]
 58282 | Depths:5 | Lost mutation: You are frail. (-10% HP) [potion of mutation]
 58282 | Depths:5 | Gained mutation: Your flesh is cold resistant. (rC+) [potion of mutation]
 58282 | Depths:5 | Gained mutation: Your muscles are strong. (Str +2) [potion of mutation]
 58343 | Depths:5 | Fell from the grace of Gozag
 58343 | Depths:5 | Became a worshipper of the Shining One
 58568 | Crypt:1  | Entered Level 1 of the Crypt
 58588 | Crypt:1  | Reached * piety under the Shining One
 58721 | Crypt:1  | Reached ** piety under the Shining One
 58836 | Crypt:1  | Reached *** piety under the Shining One
 59336 | Crypt:2  | Reached **** piety under the Shining One
 59437 | Crypt:2  | Reached ***** piety under the Shining One
 59469 | Crypt:2  | Noticed Jory
 59484 | Crypt:2  | Killed Jory
 59807 | Crypt:2  | Reached ****** piety under the Shining One
 59809 | Crypt:2  | Found a basalt altar of Yredelemnul.
 60052 | Crypt:2  | Identified a +9 sacred scourge of holy wrath (a +9 demon whip blessed by the Shining One)
 60052 | Crypt:2  | Received a gift from the Shining One
 60120 | Crypt:2  | Noticed Frederick
 60129 | Crypt:2  | Killed Frederick
 60147 | Crypt:2  | Found an ancient bone altar of Kikubaaqudgha.
 60223 | Crypt:3  | Entered Level 3 of the Crypt
 60570 | Hell     | Entered the Vestibule of Hell
 60570 | Hell     | Noticed Geryon
 60811 | Hell     | Killed Geryon
 61006 | Hell     | Found a gateway to the ashen valley of Gehenna.
 61096 | Hell     | Found a gateway to the Iron City of Dis.
 61214 | Hell     | Found a gateway to the decaying netherworld of Tartarus.
 61310 | Hell     | Found a gateway to the freezing wastes of Cocytus.
 61482 | Coc:1    | Entered Level 1 of Cocytus
 64718 | Coc:4    | Was forgiven by Gozag
 65582 | Coc:4    | Gained mutation: Scrolls take you a little longer to read. [mutagenic glow]
 65809 | Coc:5    | Reached skill level 10 in Invocations
 66018 | Coc:5    | Gained mutation: Your body sometimes deteriorates upon taking damage. [mutagenic glow]
 66463 | Coc:5    | Gained mutation: You do not regenerate when monsters are visible. [mutagenic glow]
 68328 | Elf:3    | Identified the +1 scale mail of the Everdark {rElec rPois rF- rCorr} (You found it on level 3 of the Elven Halls)
 68965 | Coc:7    | Entered Level 7 of Cocytus
 70066 | Coc:7    | Noticed Antaeus
 70728 | Coc:7    | Got an icy rune of Zot
 70733 | Coc:7    | Found the +2 robe of Vines {NoPotionHeal Regen+7}
 71309 | Depths:4 | Voluntarily entered the Abyss.
 71313 | Abyss:1  | Identified the cursed +3 scimitar of Fueguoc {venom, rF+} (You found it on level 1 of the Abyss)
 72555 | Abyss:1  | Gained mutation: You are occasionally teleported next to monsters. [mutagenic glow]
 72591 | Abyss:1  | Found a corrupted altar of Lugonu.
 73778 | Abyss:1  | Found a corrupted altar of Lugonu.
 74405 | Abyss:1  | Paralysed by accursed screaming for 1 turns
 75578 | Abyss:1  | Gained mutation: You are dopey. (Int -2) [a neqoxec]
 75722 | Abyss:1  | Found a runed door.
 76190 | Abyss:2  | Found a corrupted altar of Lugonu.
 76336 | Abyss:2  | Found a corrupted altar of Lugonu.
 76395 | Depths:4 | Escaped the Abyss
 76399 | Depths:4 | Voluntarily entered the Abyss.
 76460 | Abyss:1  | Found a corrupted altar of Lugonu.
 76612 | Abyss:1  | Reached skill level 27 in Shields
 76843 | Abyss:1  | Reached skill level 27 in Maces & Flails
 78223 | Abyss:1  | Identified the +5 long sword of Annoyance {slice, rC+ Int+3} (You found it on level 1 of the Abyss)
 78855 | Abyss:1  | Paralysed by accursed screaming for 1 turns
 78993 | Abyss:1  | Reached skill level 15 in Invocations
 79156 | Depths:4 | Escaped the Abyss
 79162 | Depths:4 | Voluntarily entered the Abyss.
 79283 | Abyss:1  | Reached skill level 27 in Fighting
 79404 | Abyss:1  | Found a hide-covered altar of Uskayaw.
 79464 | Abyss:1  | Found a corrupted altar of Lugonu.
 79573 | Abyss:1  | Noticed an ancient lich
 79581 | Abyss:1  | Killed an ancient lich
 80414 | Abyss:1  | Gained mutation: Your body often deteriorates upon taking damage. [a neqoxec]
 81754 | Depths:4 | Escaped the Abyss
 81756 | Depths:4 | Voluntarily entered the Abyss.
 82562 | Abyss:1  | Paralysed by accursed screaming for 1 turns
 82573 | Abyss:1  | Paralysed by accursed screaming for 1 turns
 83074 | Abyss:2  | Found a corrupted altar of Lugonu.
 83365 | Abyss:2  | Found a corrupted altar of Lugonu.
 83969 | Abyss:3  | Paralysed by accursed screaming for 1 turns
 83987 | Abyss:3  | Paralysed by accursed screaming for 2 turns
 85118 | Abyss:3  | Paralysed by you for 2 turns
 85231 | Abyss:3  | Paralysed by accursed screaming for 1 turns
 85250 | Abyss:3  | Paralysed by accursed screaming for 1 turns
 85557 | Abyss:3  | Gained mutation: You tend to lose your temper in combat. [a neqoxec]
 85625 | Abyss:3  | Lost mutation: You are dopey. (Int -2) [a neqoxec]
 85626 | Abyss:3  | Gained mutation: You expend magic power (3 MP) to strengthen your wands. [a neqoxec]
 85679 | Abyss:3  | Noticed an ancient lich
 85685 | Abyss:3  | Killed an ancient lich
 86334 | Abyss:3  | Gained mutation: Scrolls take you longer to read. [a neqoxec]
 86336 | Abyss:3  | Gained mutation: Your spells are much easier to cast, but much less powerful. [a neqoxec]
 87071 | Abyss:3  | Identified the ring "Apnoohir" {rF+ MR+ AC+2 Str-3 Int+4} (You found it on level 3 of the Abyss)
 87394 | Abyss:3  | Gained mutation: You are clumsy. (Dex -2) [a neqoxec]
 87717 | Abyss:3  | Gained mutation: You are dopey. (Int -2) [a neqoxec]
 87850 | Abyss:3  | Gained mutation: Your magical capacity is low. (-10% MP) [a neqoxec]
 87852 | Abyss:3  | Gained mutation: Your magical capacity is very low. (-20% MP) [a neqoxec]
 87870 | Abyss:3  | Paralysed by accursed screaming for 1 turns
 87880 | Abyss:3  | Paralysed by accursed screaming for 1 turns
 87976 | Abyss:3  | Paralysed by accursed screaming for 1 turns
 88802 | Abyss:3  | Got an abyssal rune of Zot
 88815 | Abyss:3  | Found a corrupted altar of Lugonu.
 88889 | Abyss:3  | Found a corrupted altar of Lugonu.
 88934 | Depths:4 | Escaped the Abyss
 88940 | Depths:4 | Lost mutation: Your flesh is cold resistant. (rC+) [potion of mutation]
 88940 | Depths:4 | Lost mutation: You are clumsy. (Dex -2) [potion of mutation]
 88940 | Depths:4 | Gained mutation: You evolve. [potion of mutation]
 89539 | Temple   | Fell from the grace of the Shining One
 89539 | Temple   | Became a worshipper of Zin the Law-Giver
 89539 | Temple   | Reached * piety under Zin
 89539 | Temple   | Reached ** piety under Zin
 89539 | Temple   | Reached *** piety under Zin
 89539 | Temple   | Reached **** piety under Zin
 89539 | Temple   | Reached ***** piety under Zin
 89542 | Temple   | Donated 2562 gold pieces to Zin
 89759 | Temple   | Reached ****** piety under Zin
 89765 | Temple   | Lost mutation: You are dopey. (Int -2) [potion of mutation]
 89765 | Temple   | Lost mutation: You are occasionally teleported next to monsters. [potion of mutation]
 89765 | Temple   | Lost mutation: Scrolls take you longer to read. [potion of mutation]
 89765 | Temple   | Lost mutation: You tend to lose your temper in combat. [potion of mutation]
 89766 | Temple   | Lost mutation: Scrolls take you a little longer to read. [potion of mutation]
 89766 | Temple   | Lost mutation: Your muscles are strong. (Str +2) [potion of mutation]
 89766 | Temple   | Lost mutation: Your body often deteriorates upon taking damage. [potion of mutation]
 89767 | Temple   | Lost mutation: Your body sometimes deteriorates upon taking damage. [potion of mutation]
 89767 | Temple   | Lost mutation: You evolve. [potion of mutation]
 89767 | Temple   | Lost mutation: You expend magic power (3 MP) to strengthen your wands. [potion of mutation]
 89768 | Temple   | Lost mutation: Your magical capacity is very low. (-20% MP) [potion of mutation]
 89768 | Temple   | Lost mutation: Your magical capacity is low. (-10% MP) [potion of mutation]
 89768 | Temple   | Lost mutation: You do not regenerate when monsters are visible. [potion of mutation]
 89788 | Temple   | Fell from the grace of Zin
 89788 | Temple   | Became a worshipper of the Shining One
 90877 | Vaults:4 | Learned a level 5 spell: Aura of Abjuration
 93039 | Crypt:3  | Reached skill level 1 in Summonings
 93070 | Crypt:3  | Identified Kikubaaqudgha's Guide on Sinister Arts
 93180 | Crypt:3  | Found the +15 Maxwell's patent armour {-Cast -Tele rElec MR+ rCorr}
 93232 | Crypt:3  | Found a staircase to the Tomb.
 93792 | Crypt:3  | Found an ancient bone altar of Kikubaaqudgha.
 94887 | Slime:1  | Entered Level 1 of the Pits of Slime
 94910 | Slime:1  | Gained mutation: You are dopey. (Int -2) [a shining eye]
 95057 | Slime:2  | Gained mutation: You do not regenerate when monsters are visible. [a shining eye]
 95058 | Slime:2  | Gained mutation: Your magical capacity is low. (-10% MP) [a shining eye]
 96170 | Slime:3  | Gained mutation: You are occasionally teleported next to monsters. [a shining eye]
 96555 | Slime:3  | Gained mutation: You are very dopey. (Int -4) [a shining eye]
 96557 | Slime:3  | Gained mutation: You are weak. (Str -2) [a shining eye]
 96595 | Slime:3  | You are sucked into a shaft!
 96599 | Slime:4  | Lost mutation: You are very dopey. (Int -4) [a shining eye]
 96614 | Slime:4  | Gained mutation: Potions are less effective at restoring your health. [a shining eye]
 97014 | Slime:3  | Gained mutation: You are frail. (-10% HP) [a shining eye]
 98042 | Slime:5  | Entered Level 5 of the Pits of Slime
 98984 | Slime:5  | Reached skill level 5 in Summonings
 99266 | Slime:5  | Found a viscous altar of Jiyva.
 99299 | Slime:5  | Noticed the Royal Jelly
 99313 | Slime:5  | Killed the Royal Jelly
 99411 | Slime:5  | Got a slimy rune of Zot
 99592 | Slime:5  | Found the +0 pair of fencer's gloves {+Riposte Dex+3}
 99634 | Slime:5  | Got a scintillating crystal amulet
 99635 | Slime:5  | Identified the amulet "Wujuej" {RegenMP *Drain rF++ Str+4} (You acquired it on level 5 of the Pits of Slime)
 99946 | Temple   | Fell from the grace of the Shining One
 99946 | Temple   | Became a worshipper of Zin the Law-Giver
 99947 | Temple   | Donated 2071 gold pieces to Zin
101101 | Geh:1    | Entered Level 1 of Gehenna
103462 | Hell     | Lost mutation: You are weak. (Str -2) [potion of mutation]
103462 | Hell     | Lost mutation: You are frail. (-10% HP) [potion of mutation]
103462 | Hell     | Lost mutation: Your magical capacity is low. (-10% MP) [potion of mutation]
103462 | Hell     | Lost mutation: You are dopey. (Int -2) [potion of mutation]
103463 | Hell     | Lost mutation: Your spells are a little easier to cast, but a little less powerful. [potion of mutation]
103463 | Hell     | Lost mutation: You are occasionally teleported next to monsters. [potion of mutation]
103463 | Hell     | Lost mutation: Potions are less effective at restoring your health. [potion of mutation]
103578 | Depths:5 | Fell from the grace of Zin
103578 | Depths:5 | Became a worshipper of the Shining One
105468 | Zot:2    | Identified the +5 ring mail of Xoitho {+Inv Dex+4} (You found it on level 2 of the Realm of Zot)
106213 | Elf:3    | You paid a toll of +2 gold dragon scales to enter a treasure trove
106214 | Trove    | Entered a treasure trove
106220 | Trove    | Found the +7 great mace "Firestarter" {inner flame, rF++}
106234 | Trove    | Got a vibrating brass ring
106236 | Trove    | Got a crude ivory amulet
106241 | Trove    | Got a glittering iron amulet
106250 | Trove    | Got a bloodstained plate armour
106251 | Trove    | Identified the +1 plate armour of Grace {Int+4} (You found it in a treasure trove)
106252 | Trove    | Identified the amulet of Ocuy {Faith rPois MR+} (You found it in a treasure trove)
106253 | Trove    | Identified the ring of Xuuchage {rN+ Str+2 Dex+2 Slay+4} (You found it in a treasure trove)
106259 | Trove    | Identified the amulet of Guam {RegenMP rF+ SInv Stlth+} (You found it in a treasure trove)
106260 | Trove    | Identified the +10 glaive of the Reaper {chop, rF+ Str+2 Int-5 Stlth+} (You found it in a treasure trove)
106844 | Tomb:1   | Entered Level 1 of the Tomb of the Ancients
108621 | Tomb:1   | Noticed a greater mummy
108634 | Tomb:1   | Killed a greater mummy
108690 | Tomb:1   | Noticed a greater mummy
108728 | Tomb:1   | Killed a greater mummy
110655 | Zot:4    | Reached skill level 27 in Armour
110752 | Zot:4    | Reached skill level 10 in Summonings
111009 | Zot:4    | Cast into level 3 of the Abyss (eldritch tentacle)
111224 | Zot:4    | Escaped the Abyss
111762 | Zot:5    | Entered Level 5 of the Realm of Zot
112119 | Zot:5    | Noticed an ancient lich
112136 | Zot:5    | Killed an ancient lich
112213 | Zot:5    | Noticed an ancient lich
112219 | Zot:5    | Killed an ancient lich
112244 | Zot:5    | Noticed an ancient lich
112249 | Zot:5    | Killed an ancient lich
112553 | Zot:5    | Noticed an orb of fire
112804 | Zot:5    | Gained mutation: Scrolls take you a little longer to read. [an orb of fire]
112814 | Zot:5    | Gained mutation: You are frail. (-10% HP) [an orb of fire]
112822 | Zot:5    | Killed an orb of fire
112839 | Zot:5    | Noticed an ancient lich
112846 | Zot:5    | Killed an ancient lich
113472 | Zot:5    | Noticed an orb of fire
113481 | Zot:5    | Gained mutation: You are very frail. (-20% HP) [an orb of fire]
113493 | Zot:5    | Gained mutation: You are weak. (Str -2) [an orb of fire]
113501 | Zot:5    | Killed an orb of fire
113942 | Pan      | Entered Pandemonium
114269 | Pan      | Gained mutation: Your magical capacity is low. (-10% MP) [a cacodemon]
114719 | Pan      | Noticed Duesosmu the pandemonium lord
114726 | Pan      | Killed Duesosmu the pandemonium lord
115589 | Pan      | Found an exit through the horrors of the Abyss.
115623 | Pan      | Identified the +0 buckler of Fashionability {MR+ MP+9} (You took it off a cherub in Pandemonium)
115820 | Pan      | Noticed Kagi Qiy the pandemonium lord
115842 | Pan      | Killed Kagi Qiy the pandemonium lord
116203 | Pan      | Gained mutation: Your magical capacity is very low. (-20% MP) [a neqoxec]
116676 | Pan      | Reached skill level 27 in Invocations
117333 | Pan      | Noticed Dymocyud the pandemonium lord
117359 | Pan      | Killed Dymocyud the pandemonium lord
117665 | Pan      | Found an exit through the horrors of the Abyss.
117948 | Pan      | Noticed Nisased the pandemonium lord
117958 | Pan      | Killed Nisased the pandemonium lord
118348 | Pan      | Entered the realm of Mnoleg.
118351 | Pan      | Gained mutation: Your body sometimes deteriorates upon taking damage. [a neqoxec]
118351 | Pan      | Gained mutation: You are partially covered in molten scales. (AC +2) [a neqoxec]
118357 | Pan      | Noticed Mnoleg
118358 | Pan      | Gained mutation: Scrolls take you longer to read. [a neqoxec]
118374 | Pan      | Killed Mnoleg
118374 | Pan      | Reached skill level 15 in Summonings
118374 | Pan      | Gained mutation: You occasionally shout uncontrollably at your foes. [a neqoxec]
118426 | Pan      | Gained mutation: Your body often deteriorates upon taking damage. [a neqoxec]
118579 | Pan      | Gained mutation: You are clumsy. (Dex -2) [a shining eye]
118580 | Pan      | Gained mutation: Armour fits poorly on your strangely shaped body. [a shining eye]
118784 | Pan      | Identified the ring of Tender Moments {+Inv EV+5 Str+3 Stlth+} (You found it in Pandemonium)
119005 | Pan      | Got a glowing rune of Zot
119499 | Pan      | Identified the +0 helmet of Trog's Reproof {-Tele +Inv rElec rCorr} (You found it in Pandemonium)
119947 | Pan      | Noticed Yxibloiq the pandemonium lord
119965 | Pan      | Killed Yxibloiq the pandemonium lord
120344 | Pan      | Noticed Ekhapire the pandemonium lord
120361 | Pan      | Killed Ekhapire the pandemonium lord
120375 | Pan      | Gained mutation: You are extremely frail. (-30% HP) [a neqoxec]
121023 | Pan      | Noticed Hehemp the pandemonium lord
121029 | Pan      | Killed Hehemp the pandemonium lord
122188 | Pan      | Entered the realm of Cerebov.
122275 | Pan      | Found an exit through the horrors of the Abyss.
122984 | Pan      | Noticed Cerebov
123462 | Pan      | Identified Hupset's Grimoire of Dark Execration
123606 | Pan      | Identified the Reference Book on Execration and the Arsonist
123694 | Pan      | Killed Cerebov
123703 | Pan      | Got a fiery rune of Zot
123744 | Pan      | Identified Yfahide's First Steps in Witchery
123754 | Pan      | Identified the +6 short sword of Blood-Lust {drain, MR+ Int+3} (You found it in Pandemonium)
123897 | Pan      | Identified the cursed +1 long sword of the Pure Deaths {slice, rF+} (You found it in Pandemonium)
123938 | Pan      | Identified the cursed +1 ice dragon scales "Hubuicurr" {*Contam +Blink rF- rC++ rCorr Int+10} (You took it off a balrug in Pandemonium)
123964 | Pan      | Entered the realm of Gloorx Vloq.
124088 | Pan      | Noticed Gloorx Vloq
124098 | Pan      | Killed Gloorx Vloq
124110 | Pan      | Got a dark rune of Zot
124528 | Pan      | Reached skill level 5 in Evocations
125343 | Pan      | Found a transporter.
125497 | Pan      | Found an exit through the horrors of the Abyss.
125570 | Pan      | Found a transporter.
125873 | Pan      | Lost mutation: You are clumsy. (Dex -2) [a cacodemon]
125918 | Pan      | Identified the ring "Qaeps" {rPois Dex+5} (You found it in Pandemonium)
125931 | Pan      | Identified the ring "Soveob" {Str+2 Dex+4 Stlth+} (You found it in Pandemonium)
126272 | Pan      | Noticed Xozaclit the pandemonium lord
126331 | Pan      | Killed Xozaclit the pandemonium lord
126435 | Pan      | Gained mutation: You sometimes yell uncontrollably at your foes. [a neqoxec]
126544 | Pan      | Found a runed door.
126855 | Pan      | Found an exit through the horrors of the Abyss.
127243 | Pan      | Got a demonic rune of Zot
127374 | Pan      | Entered the realm of Lom Lobon.
127697 | Pan      | Found an exit through the horrors of the Abyss.
128124 | Pan      | Noticed Lom Lobon
128363 | Pan      | Got a magical rune of Zot
128414 | Depths:3 | Escaped Pandemonium
128520 | Geh:3    | Found a basalt altar of Yredelemnul.
129754 | Geh:7    | Entered Level 7 of Gehenna
130006 | Geh:7    | Noticed the Serpent of Hell
130019 | Geh:7    | Reached skill level 27 in Dodging
130054 | Geh:7    | Killed the Serpent of Hell
130098 | Geh:7    | Reached skill level 10 in Evocations
130309 | Geh:7    | Found the +0 mask of the Dragon {MR+ Slay+3 SInv}
130787 | Geh:7    | Identified the +2 fustibalus "Rimos" {speed, Str+4} (You found it on level 7 of Gehenna)
131490 | Geh:7    | Noticed Asmodeus
131514 | Geh:7    | Killed Asmodeus
131657 | Geh:7    | Got an obsidian rune of Zot
131821 | Hell     | Identified the ring "Etaothoa" {MR+ Str+2 Dex-5 Stlth+} (You acquired it in the Vestibule of Hell)
131825 | Hell     | Identified the +7 crystal plate armour of Shielding {rC+ rCorr Dex-3} (You acquired it in the Vestibule of Hell)
131829 | Hell     | Identified the ring of Weisygis {rC++ Str-3 Int-5 Slay+3 Stlth+} (You acquired it in the Vestibule of Hell)
133276 | Dis:1    | Entered Level 1 of the Iron City of Dis
133585 | Dis:1    | Gained mutation: Your spells are a little easier to cast, but a little less powerful. [mutagenic glow]
134727 | Dis:7    | Entered Level 7 of the Iron City of Dis
135475 | Dis:7    | Identified the +1 broad axe "Newtbane" {speed, rPois rN+} (You found it on level 7 of the Iron City of Dis)
135741 | Dis:7    | Identified the +4 scale mail of Jymic {rN++} (You found it on level 7 of the Iron City of Dis)
135993 | Dis:7    | Killed from afar by a Hell Sentinel

Skill      XL: |  1  2  3  4  5  6  7  8  9 10 11 12 13 14 15 16 17 18 19 20 21 22 23 24 25 26 27 |
---------------+----------------------------------------------------------------------------------+-----
Maces & Flails | 3 4 6 8 9 11 12 13 14 15 16 17 18 19 20 21 27 | 27.0
Dodging        | 1 2 3 4 6 7 8 9 10 11 12 13 14 15 27 | 27.0
Armour         | 4 5 6 7 8 9 10 11 12 13 14 27 | 27.0
Shields        | 4 5 6 7 8 9 10 12 13 14 16 17 18 19 20 21 22 27 | 27.0
Fighting       | 4 5 6 7 9 10 11 13 14 15 16 17 18 19 20 21 22 27 | 27.0
Invocations    | 5 27 | 27.0
Evocations     | 1 14 | 14.6
Summonings     | 23 | 23.9

Action                   |  1- 3 |  4- 6 |  7- 9 | 10-12 | 13-15 | 16-18 | 19-21 | 22-24 | 25-27 || total
-------------------------+-------+-------+-------+-------+-------+-------+-------+-------+-------++-------
Melee: Flail             |    90 |       |   387 |   732 |  1586 |   507 |       |       |       ||  3302
       Whip              |    51 |   128 |       |   366 |       |       |       |       |       ||   545
       Mace              |       |    63 |    79 |       |       |       |       |       |       ||   142
       Shillelagh        |       |       |       |       |       |   857 |  1512 |   583 |   605 ||  3557
       Demon whip        |       |       |       |       |       |       |       |       |  1720 ||  1720
       Sacred scourge    |       |       |       |       |       |       |       |       | 12526 || 12526
       Great mace        |       |       |       |       |       |       |       |       |   563 ||   563
       Unarmed           |       |       |       |       |       |       |       |       |    13 ||    13
Invok: Call Merchant     |       |       |       |       |       |       |       |       |    10 ||    10
       Cleansing Flame   |       |       |       |       |       |       |       |       |    86 ||    86
       Summon Divine War |       |       |       |       |       |       |       |       |    28 ||    28
       Donate Gold       |       |       |       |       |       |       |       |       |     2 ||     2
       Recite            |       |       |       |       |       |       |       |       |     1 ||     1
       Brand Weapon With |       |       |       |       |       |       |       |       |     1 ||     1
 Abil: Fly               |       |       |       |       |       |     1 |       |       |     1 ||     2
       Stop Flying       |       |       |       |       |       |       |       |       |     1 ||     1
Evoke: Wand              |       |       |       |       |       |       |       |     3 |    19 ||    22
  Use: Scroll            |       |       |     7 |     5 |     6 |    13 |     9 |     2 |   104 ||   146
       Potion            |       |       |       |       |       |     8 |     2 |     2 |    44 ||    56
 Stab: Distracted        |       |       |       |     2 |     9 |    15 |     7 |     8 |    10 ||    51
       Confused          |       |       |       |       |       |       |       |       |     1 ||     1
  Eat: Chunk             |     2 |     4 |    13 |       |       |       |       |       |    61 ||    80
       Ration            |       |       |       |     8 |    10 |    10 |    10 |     4 |    70 ||   112
Armor: Scale mail        |    80 |    98 |   198 |   366 |     4 |       |       |       |       ||   746
       Chain mail        |       |       |       |       |   537 |   667 |   476 |   104 |   157 ||  1941
       Plate armour      |       |       |       |       |       |       |       |       |  3328 ||  3328
       Gold dragon scale |       |       |       |       |       |       |       |       |  1165 ||  1165
       Skin              |       |       |       |       |       |       |       |       |     1 ||     1
Dodge: Dodged            |    48 |    68 |   152 |   313 |   361 |   447 |   358 |    79 |  4112 ||  5938
       Deflected         |       |       |       |       |       |       |       |     5 |   121 ||   126
Block: Shield            |    76 |    78 |   232 |   421 |  1022 |  1053 |  1194 |   318 |  8652 || 13046
       Reflection        |       |       |       |       |    39 |    32 |   151 |    23 |   170 ||   415
       Rpst.: Sacred scourge |       |       |       |       |       |       |       |       |   241 ||   241
       Great mace        |       |       |       |       |       |       |       |       |    83 ||    83
